[Event "November 21 Early 2023"]
[Site "https://www.chess.com"]
[Date "2023.11.21"]
[Round "2"]
[White "Tristan, Leonardo"]
[Black "Onslow, Alfie"]
[Result "1-0"]
[Board "113"]
[TimeControl "180+1"]
[WhiteFideId "113816"]
[BlackFideId "436976"]
[WhiteElo "2483"]
[BlackElo "2114"]
[WhiteTeam "ARG"]
[BlackTeam "ENG"]
[WhiteClock "0:01:53"]
[BlackClock "0:01:29"]

1. d4 Nf6 2. Nf3 c5 3. c3 cxd4 4. cxd4 d5 5. Nc3 g6 6. Bf4 Bg7 7. e3 O-O 8. h3 Nc6 9. Bd3 Bf5 10. O-O Bxd3 11. Qxd3 a6 12. Rac1 Rc8 13. a3 Qd7 14. Na4 Qf5 15. Qb3 Nh5 16. Bh2 b5 17. Nb6 Na5 18. Nxc8 Nxb3 19. Nxe7+ Kh8 20. Nxf5 Nxc1 21. Nxg7 Ne2+ 22. Kh1 Kxg7 23. Re1 Rc8 24. Rxe2 1-0

[Event "November 21 Early 2023"]
[Site "https://www.chess.com"]
[Date "2023.11.21"]
[Round "2"]
[White "Matinian, Nikita"]
[Black "Cueto, Jonny"]
[Result "1-0"]
[Board "114"]
[TimeControl "180+1"]
[WhiteFideId "24129100"]
[BlackFideId "3300145"]
[WhiteElo "2417"]
[BlackElo "2155"]
[WhiteTeam "FID"]
[BlackTeam "BOL"]
[WhiteClock "0:02:33"]
[BlackClock "0:00:50"]

1. e4 e6 2. d4 d5 3. Nc3 Nf6 4. e5 Nfd7 5. Nce2 c5 6. c3 b5 7. f4 Nc6 8. Nf3 b4 9. f5 bxc3 10. fxe6 fxe6 11. bxc3 Be7 12. Nf4 Nb6 13. Bb5 Qd7 14. dxc5 Nc4 15. Nd4 N4xe5 16. Qh5+ g6 17. Nxg6 hxg6 18. Qxh8+ Bf8 19. O-O 1-0

[Event "November 21 Early 2023"]
[Site "https://www.chess.com"]
[Date "2023.11.21"]
[Round "2"]
[White "Quirke, Jeffrey"]
[Black "Starozhilov, Leonid"]
[Result "0-1"]
[Board "115"]
[TimeControl "180+1"]
[WhiteFideId "2013029"]
[BlackFideId "14106752"]
[WhiteElo "2224"]
[BlackElo "2270"]
[WhiteTeam "USA"]
[BlackTeam "UKR"]
[WhiteClock "0:00:00"]
[BlackClock "0:00:42"]

1. e4 c6 2. d4 d5 3. exd5 cxd5 4. Nf3 Nc6 5. c3 Bg4 6. Be3 e6 7. Nbd2 Bd6 8. h3 Bh5 9. a4 Nge7 10. g4 Bg6 11. Nh4 h5 12. Nxg6 Nxg6 13. gxh5 Nf4 14. Qf3 Qf6 15. O-O-O Nxh5 16. Qxf6 Nxf6 17. Rg1 g6 18. b4 Rc8 19. Kb2 Ne7 20. Nb3 Nf5 21. a5 b6 22. axb6 axb6 23. Ra1 O-O 24. Bd3 Nxe3 25. fxe3 Kg7 26. Ra6 Bc7 27. Nd2 Ra8 28. Rga1 Rxa6 29. Rxa6 Rh8 30. Ra7 Bd8 31. Bf1 Rh5 32. Nf3 Rf5 33. Bg2 Ne4 34. Rd7 Bf6 35. Rb7 Ng5 36. Nxg5 Rf2+ 37. Kb3 Bxg5 38. Bh1 Rh2 39. Bxd5 exd5 40. Rxb6 Rxh3 41. Rd6 Rxe3 42. Rxd5 Bf4 43. b5 g5 44. b6 g4 45. b7 Re8 46. Rf5 Bh6 47. Rb5 g3 0-1

[Event "November 21 Early 2023"]
[Site "https://www.chess.com"]
[Date "2023.11.21"]
[Round "2"]
[White "Sadykov, Ramil"]
[Black "Osmonbekov, Talaibek"]
[Result "1-0"]
[Board "116"]
[TimeControl "180+1"]
[WhiteFideId "24113590"]
[BlackFideId "2017253"]
[WhiteElo "2245"]
[BlackElo "2135"]
[WhiteTeam "FID"]
[BlackTeam "USA"]
[WhiteClock "0:00:03"]
[BlackClock "0:00:00"]

1. e4 c5 2. Nf3 d6 3. d4 cxd4 4. Nxd4 Nf6 5. f3 g6 6. c4 Nc6 7. Nc3 Nxd4 8. Qxd4 Bg7 9. Be3 O-O 10. Qd2 Be6 11. Rc1 Rc8 12. b3 Re8 13. Be2 a6 14. O-O h5 15. Rfd1 Qa5 16. a4 Bd7 17. Bf1 Qb4 18. Qb2 b5 19. Na2 Qa5 20. b4 Qd8 21. cxb5 axb5 22. a5 Nxe4 23. Bd4 Rxc1 24. Rxc1 Bxd4+ 25. Qxd4 Nf6 26. Nc3 Qb8 27. a6 Rc8 28. a7 Qb7 29. Ra1 Ra8 30. Ra5 h4 31. h3 Nh5 32. Bxb5 Bxb5 33. Nxb5 Ng3 34. Kh2 Nf1+ 35. Kg1 Ng3 36. Kf2 Nf5 37. Qc3 Qb6+ 38. Ke1 Qg1+ 39. Kd2 Qxg2+ 40. Kc1 Qf1+ 41. Kb2 Qxh3 42. Qc6 Qg2+ 43. Ka3 Rxa7 44. Rxa7 h3 45. Ra8+ Kg7 46. Qc3+ e5 47. Nxd6 Qg3 48. Nxf5+ gxf5 49. Re8 h2 50. Rxe5 h1=Q 51. Re1+ Kg6 52. Rxh1 Qg2 53. Rb1 f6 54. Rb2 1-0

[Event "November 21 Early 2023"]
[Site "https://www.chess.com"]
[Date "2023.11.21"]
[Round "2"]
[White "Ovetchkin, Roman"]
[Black "Mangialardo, Tiago Carvalho"]
[Result "1-0"]
[Board "117"]
[TimeControl "180+1"]
[WhiteFideId "4119991"]
[BlackFideId "2130718"]
[WhiteElo "2381"]
[BlackElo "2155"]
[WhiteTeam "RUS"]
[BlackTeam "BRA"]
[WhiteClock "0:02:29"]
[BlackClock "0:00:44"]

1. d4 Nf6 2. c4 c5 3. d5 g6 4. Nc3 Bg7 5. e4 d6 6. h3 O-O 7. Nf3 e6 8. Bd3 e5 9. g4 a6 10. a4 h5 11. Ng5 hxg4 12. hxg4 Bxg4 13. Be2 Bxe2 14. Qxe2 Nh5 15. Rxh5 gxh5 16. Qxh5 Qxg5 17. Bxg5 f6 18. Bh6 Bxh6 19. Qxh6 Rf7 20. Ke2 Nd7 21. Rg1+ 1-0

[Event "November 21 Early 2023"]
[Site "https://www.chess.com"]
[Date "2023.11.21"]
[Round "2"]
[White "FrenchHarvey"]
[Black "Petersson, Kjell"]
[Result "1-0"]
[Board "118"]
[TimeControl "180+1"]
[BlackFideId "1705148"]
[WhiteElo "2674"]
[BlackElo "1994"]
[BlackTeam "SWE"]
[WhiteClock "0:01:23"]
[BlackClock "0:00:07"]

1. e4 c5 2. Nc3 g6 3. Nf3 Bg7 4. Bc4 Nc6 5. O-O e6 6. d4 cxd4 7. Nb5 d6 8. Nbxd4 Nge7 9. Nb5 O-O 10. Nxd6 b6 11. Bg5 h6 12. Bh4 Bxb2 13. Rb1 Bg7 14. Nxc8 Rxc8 15. Bg3 Qxd1 16. Rfxd1 Rfd8 17. Ba6 Rxd1+ 18. Rxd1 Rd8 19. Rxd8+ Nxd8 20. Bd6 Nec6 21. Kf1 Bc3 22. a3 Kg7 23. Ke2 g5 24. Kd3 Bb2 25. c3 Bc1 26. g3 g4 27. Ne5 Nxe5+ 28. Bxe5+ f6 29. Bd6 Bg5 30. Bb5 f5 31. Bb8 fxe4+ 32. Kxe4 Nf7 33. Bc4 Kf6 34. Bxa7 Nd6+ 35. Kd3 Bc1 36. a4 Ba3 37. Bxb6 e5 38. Bd5 h5 39. a5 Nb5 40. a6 Bd6 41. a7 Nxa7 42. Bxa7 h4 43. gxh4 1-0

[Event "November 21 Early 2023"]
[Site "https://www.chess.com"]
[Date "2023.11.21"]
[Round "2"]
[White "Skiadopoulos, Nikolaos"]
[Black "Skliarov, Viktor"]
[Result "0-1"]
[Board "119"]
[TimeControl "180+1"]
[WhiteFideId "4200772"]
[BlackFideId "14106736"]
[WhiteElo "2022"]
[BlackElo "2304"]
[WhiteTeam "GRE"]
[BlackTeam "UKR"]
[WhiteClock "0:00:00"]
[BlackClock "0:00:46"]

1. e4 c5 2. Nf3 Nc6 3. c3 Nf6 4. Bd3 d5 5. e5 Nd7 6. e6 fxe6 7. Bc2 e5 8. O-O Nf6 9. Re1 e4 10. d4 exf3 11. Qxf3 e6 12. Bg5 Be7 13. Nd2 O-O 14. Qh3 h6 15. Bxh6 e5 16. Qg3 Ng4 17. Bxg7 Kxg7 18. h3 Bh4 19. Qd3 Bxf2+ 20. Kh1 e4 21. Nxe4 dxe4 22. Qxe4 Bf5 23. Qf3 Qd6 0-1

[Event "November 21 Early 2023"]
[Site "https://www.chess.com"]
[Date "2023.11.21"]
[Round "2"]
[White "Cherniaiev, Tykhon"]
[Black "aghasiyevkamal"]
[Result "1-0"]
[Board "120"]
[TimeControl "180+1"]
[WhiteFideId "14182360"]
[WhiteElo "2438"]
[BlackElo "2541"]
[WhiteTeam "UKR"]
[WhiteClock "0:00:06"]
[BlackClock "0:00:00"]

1. Nf3 d5 2. d4 Nf6 3. c4 e6 4. Nc3 Be7 5. Bg5 Nbd7 6. cxd5 exd5 7. e3 c6 8. Bd3 h6 9. Bh4 Nh5 10. Bxe7 Qxe7 11. O-O O-O 12. Qc2 Nhf6 13. Rae1 Nb6 14. Ne5 Ng4 15. Nxg4 Bxg4 16. f3 Be6 17. e4 dxe4 18. fxe4 Rad8 19. Ne2 Qg5 20. Rf3 Bg4 21. Rg3 Qa5 22. Nc3 Be6 23. Qf2 Qb4 24. d5 f5 25. dxe6 fxe4 26. e7 Qxe7 27. Qe3 Nd5 28. Qxe4 Qc5+ 29. Kh1 Nf6 30. Qc4+ Qxc4 31. Bxc4+ Kh8 32. Rd3 b5 33. Rxd8 Rxd8 34. Bb3 a5 35. a3 Rd2 36. Re2 Rd4 37. h3 Kh7 38. Kh2 Kg6 39. Bc2+ Kf7 40. Ne4 Nd5 41. Nd6+ Kf6 42. Rf2+ Rf4 43. Rxf4+ Nxf4 44. Nb7 a4 45. Na5 c5 46. Nb7 Ne6 47. Nd6 b4 48. axb4 cxb4 49. Bxa4 Ke5 50. Nf7+ Kd4 51. Nd6 Nc5 52. Bd1 Kd3 53. Nf5 g5 54. Nxh6 Kd2 55. Bf3 Kc2 56. Nf7 Kxb2 57. Nxg5 Kc2 58. Ne4 Nd3 59. Be2 1-0

[Event "November 21 Early 2023"]
[Site "https://www.chess.com"]
[Date "2023.11.21"]
[Round "2"]
[White "robertoalejandro10"]
[Black "Aradhya, Garg"]
[Result "1-0"]
[Board "121"]
[TimeControl "180+1"]
[BlackFideId "25006746"]
[WhiteElo "2466"]
[BlackElo "2323"]
[BlackTeam "IND"]
[WhiteClock "0:00:42"]
[BlackClock "0:00:17"]

1. Nf3 Nf6 2. b3 g6 3. Bb2 Bg7 4. c4 O-O 5. g3 b6 6. Bg2 Bb7 7. O-O c5 8. Nc3 d5 9. cxd5 Nxd5 10. Rc1 Nxc3 11. Bxc3 Nc6 12. Bxg7 Kxg7 13. Ne5 Qd6 14. Nxc6 Bxc6 15. Bxc6 Qxc6 16. Qc2 Rfd8 17. b4 c4 18. d3 b5 19. dxc4 bxc4 20. Qxc4 Qxc4 21. Rxc4 Rd2 22. Re4 e6 23. a4 Rc8 24. Rb1 Rcc2 25. b5 Rxe2 26. Rxe2 Rxe2 27. a5 Rd2 28. b6 axb6 29. axb6 Rd8 30. b7 Rb8 31. Kg2 Kf6 32. Kf3 Ke7 33. Kf4 h6 34. g4 Kd6 35. g5 e5+ 36. Kg4 h5+ 37. Kf3 Kd5 38. Ke3 e4 39. h4 f5 40. gxf6 Ke6 41. Rb6+ Kf7 42. Kxe4 g5 43. hxg5 Kg6 44. Kf4 h4 45. Kg4 h3 46. Kxh3 Kxg5 47. f7 Kf5 48. f8=Q+ Rxf8 49. b8=Q Rxb8 50. Rxb8 1-0

[Event "November 21 Early 2023"]
[Site "https://www.chess.com"]
[Date "2023.11.21"]
[Round "2"]
[White "Kubatko, Ivan"]
[Black "Asavasaetakul, Chawit"]
[Result "0-1"]
[Board "122"]
[TimeControl "180+1"]
[WhiteFideId "24111473"]
[BlackFideId "6204856"]
[WhiteElo "2285"]
[BlackElo "1919"]
[WhiteTeam "RUS"]
[BlackTeam "THA"]
[WhiteClock "0:00:00"]
[BlackClock "0:00:28"]

1. e4 d5 2. exd5 Nf6 3. c4 c6 4. d4 cxd5 5. Nc3 Nc6 6. Bg5 e6 7. cxd5 exd5 8. Nf3 Be7 9. h3 O-O 10. Bd3 h6 11. Be3 Re8 12. O-O Bd6 13. a3 Be6 14. b4 Rc8 15. Rc1 Qd7 16. Re1 Bf5 17. Bf1 Bb8 18. Na4 Ne4 19. Nc5 Qe7 20. Qb3 b6 21. Qxd5 Bg6 22. Na6 Nf6 23. Qb3 Bd6 24. Bb5 Be4 25. Nd2 Bd5 26. Qa4 Qb7 27. Nc4 Bf8 28. Nd2 Red8 29. f3 Ne7 30. Nf1 Nf5 31. Rxc8 Rxc8 32. Bf2 Nd6 33. Bd3 Nh5 34. b5 Nf4 35. Bc2 Bxf3 36. Ne3 Bxg2 37. d5 Bxd5 0-1

[Event "November 21 Early 2023"]
[Site "https://www.chess.com"]
[Date "2023.11.21"]
[Round "2"]
[White "Filippova, Margarita"]
[Black "Tasev, Dejan"]
[Result "0-1"]
[Board "123"]
[TimeControl "180+1"]
[WhiteFideId "34199680"]
[BlackFideId "936618"]
[WhiteElo "1916"]
[BlackElo "2248"]
[WhiteTeam "RUS"]
[BlackTeam "SRB"]
[WhiteClock "0:00:11"]
[BlackClock "0:00:18"]

1. e4 e5 2. Nf3 Nc6 3. Bc4 Nf6 4. O-O Bc5 5. d4 exd4 6. e5 d5 7. exf6 dxc4 8. Re1+ Be6 9. Ng5 g6 10. Nxe6 fxe6 11. Rxe6+ Kf7 12. Qg4 Qd5 13. Re1 Rae8 14. Rd1 h5 15. Qg3 Bd6 16. Qg5 Qe4 17. Nd2 Qe2 18. Rf1 Re5 19. Qh4 g5 20. Qh3 g4 21. Qh4 b5 22. a4 b4 23. b3 c3 24. Nc4 Rf5 25. Nxd6+ cxd6 26. Qg3 Qe5 27. Qd3 Qd5 28. Re1 Ne5 29. Qe4 Qxe4 30. Rxe4 Nc6 31. Bf4 d5 32. Re2 Rxf4 33. Rae1 Rxf6 34. Rd1 Re8 35. Kf1 Rxe2 36. Kxe2 Re6+ 37. Kf1 Ke7 38. Rd3 Kd6 39. h3 gxh3 40. Rxh3 Re5 41. f3 d3 0-1

[Event "November 21 Early 2023"]
[Site "https://www.chess.com"]
[Date "2023.11.21"]
[Round "2"]
[White "Silvestre, Christian"]
[Black "Dobrikov, Marco"]
[Result "0-1"]
[Board "124"]
[TimeControl "180+1"]
[WhiteFideId "30956269"]
[BlackFideId "12950378"]
[WhiteElo "2332"]
[BlackElo "2394"]
[WhiteTeam "USA"]
[BlackTeam "GER"]
[WhiteClock "0:00:11"]
[BlackClock "0:02:11"]

1. e4 g6 2. Nc3 Bg7 3. Nf3 d6 4. d4 Nf6 5. Be3 O-O 6. h3 Nfd7 7. Qd2 e5 8. O-O-O Nc6 9. Kb1 a6 10. g4 b5 11. Bg2 b4 12. Nd5 a5 13. dxe5 Ncxe5 14. Nxe5 Nxe5 15. Bg5 f6 16. Bf4 Nc4 17. Qc1 f5 18. c3 bxc3 19. b3 Rb8 20. Nxc3 Be6 21. Kc2 Qf6 22. Rd3 fxe4 23. Nxe4 Qxf4 24. bxc4 Bxc4 25. Qxf4 Bxd3+ 26. Kxd3 Rxf4 27. Rc1 Rb2 28. Rxc7 h6 29. Rc8+ Kh7 30. Rc7 Rxa2 31. h4 d5 32. Ng3 Raxf2 33. Bxd5 Rxg4 34. Ne4 Rf5 35. Rc8 Rxd5+ 36. Kc4 Rxe4+ 37. Kxd5 Rxh4 38. Ra8 Rf4 39. Ke6 Rf5 40. Ke7 h5 41. Ra6 h4 42. Ke8 h3 0-1

[Event "November 21 Early 2023"]
[Site "https://www.chess.com"]
[Date "2023.11.21"]
[Round "2"]
[White "Bodnaruk, Anastasia"]
[Black "Mejia, Cherry Ann"]
[Result "1-0"]
[Board "125"]
[TimeControl "180+1"]
[WhiteFideId "4181751"]
[BlackFideId "5206880"]
[WhiteElo "2260"]
[BlackElo "2009"]
[WhiteTeam "RUS"]
[BlackTeam "PHI"]
[WhiteClock "0:00:50"]
[BlackClock "0:00:25"]

1. e4 c5 2. Nc3 a6 3. g3 b5 4. Bg2 Bb7 5. Nge2 e6 6. d4 cxd4 7. Nxd4 Qc7 8. O-O Nf6 9. Re1 d6 10. Nd5 Qd8 11. Bg5 Nbd7 12. e5 dxe5 13. Nxf6+ gxf6 14. Bxb7 fxg5 15. Nc6 Qc7 16. Bxa8 Nb6 17. Nxe5 Nxa8 18. a4 b4 19. a5 Bg7 20. Qe2 O-O 21. Rad1 Rc8 22. Rd7 Qxa5 23. Nxf7 Nb6 24. Qxe6 1-0

[Event "November 21 Early 2023"]
[Site "https://www.chess.com"]
[Date "2023.11.21"]
[Round "2"]
[White "Umarov, Sabir"]
[Black "Suleymanli, Suleyman"]
[Result "0-1"]
[Board "127"]
[TimeControl "180+1"]
[WhiteFideId "14200538"]
[BlackFideId "13416375"]
[WhiteElo "2331"]
[BlackElo "2219"]
[WhiteTeam "UZB"]
[BlackTeam "AZE"]
[WhiteClock "0:00:00"]
[BlackClock "0:02:37"]

1. e4 e6 2. Qe2 d5 3. exd5 Nf6 4. dxe6 Bxe6 5. Nf3 Bd6 6. Ng5 Qd7 7. Nxe6 fxe6 8. Nc3 Nc6 9. d3 Nd4 10. Qd1 O-O 11. Be3 c5 12. Qd2 b5 13. O-O-O e5 14. h3 a5 15. Ne4 Nd5 16. Nxd6 Qxd6 17. c3 b4 18. cxd4 cxd4 19. Bg5 Nc3 20. Re1 Nxa2+ 21. Kb1 Nc3+ 22. bxc3 bxc3 23. Qa2+ Kh8 24. Ka1 Rab8 25. Bc1 Rb4 26. f4 Qc6 27. fxe5 Ra4 28. Ba3 Rf2 29. Qxf2 Rxa3+ 30. Qa2 Rxa2+ 31. Kxa2 Qa4+ 32. Kb1 Qb3+ 0-1

[Event "November 21 Early 2023"]
[Site "https://www.chess.com"]
[Date "2023.11.21"]
[Round "2"]
[White "Leyva Proenza, Richard"]
[Black "ilya2700"]
[Result "1-0"]
[Board "128"]
[TimeControl "180+1"]
[WhiteFideId "3500985"]
[WhiteElo "2322"]
[BlackElo "2234"]
[WhiteTeam "VEN"]
[WhiteClock "0:01:10"]
[BlackClock "0:00:00"]

1. e4 c5 2. Nf3 e6 3. d4 cxd4 4. Nxd4 Nf6 5. Nc3 Nc6 6. Ndb5 Bb4 7. a3 Bxc3+ 8. Nxc3 d5 9. exd5 exd5 10. Bd3 O-O 11. O-O d4 12. Ne2 Bg4 13. f3 Bh5 14. Nf4 Bg6 15. Nxg6 hxg6 16. f4 Nd5 17. Qf3 Re8 18. Bd2 Ne3 19. Rfe1 Qb6 20. Kh1 Re7 21. b4 Rae8 22. h3 Nb8 23. Re2 Nd7 24. Rae1 Nf6 25. c4 Qc7 26. Bxe3 dxe3 27. Rxe3 Nh5 28. g3 Qd7 29. Rxe7 Rxe7 30. Rxe7 Qxe7 31. Kg2 Nf6 32. c5 Qd7 33. b5 Nd5 34. Bc4 Ne7 35. Qd3 Qc7 36. Qd6 Qxd6 37. cxd6 Nc6 38. bxc6 1-0

[Event "November 21 Early 2023"]
[Site "https://www.chess.com"]
[Date "2023.11.21"]
[Round "2"]
[White "FREDERICKtheMATE"]
[Black "campochess"]
[Result "1-0"]
[Board "129"]
[TimeControl "180+1"]
[WhiteElo "2554"]
[BlackElo "2192"]
[WhiteClock "0:00:20"]
[BlackClock "0:00:00"]

1. Nf3 c5 2. e4 Nc6 3. Bb5 e5 4. O-O d6 5. c3 a6 6. Ba4 Nf6 7. Bc2 Be7 8. d4 Qc7 9. d5 Nb8 10. a4 Nbd7 11. a5 O-O 12. Nbd2 g6 13. Nc4 Nh5 14. g3 Ng7 15. Bh6 Nf6 16. Nb6 Rb8 17. Ne1 Bh3 18. Ng2 Nd7 19. Nc4 f5 20. f3 fxe4 21. fxe4 Rxf1+ 22. Qxf1 Rf8 23. Qe2 Rf7 24. Rf1 Rxf1+ 25. Qxf1 Nf6 26. Qe2 Bg4 27. Qf2 Bd7 28. Nge3 Ng4 29. Nxg4 Bxg4 30. Nb6 Bd8 31. Ba4 Qf7 32. Qxf7+ Kxf7 33. b4 cxb4 34. cxb4 Bf3 35. Nc4 Be7 36. Nd2 Bg4 37. Be3 Ne8 38. Bb6 Nf6 39. Kf2 Bd7 40. Bxd7 Nxd7 41. Be3 Nf6 42. Ke2 Ne8 43. Kd3 Nc7 44. Nb1 Nb5 45. Kc4 Ke8 46. g4 Kd7 47. Nd2 Bh4 48. Nf3 Be7 49. h4 Nc7 50. h5 Ne8 51. hxg6 hxg6 52. g5 Ng7 53. Nh4 Nh5 54. Nxg6 Ng3 55. Kd3 Nf1 56. Bc1 Nh2 57. Ke2 1-0

[Event "November 21 Early 2023"]
[Site "https://www.chess.com"]
[Date "2023.11.21"]
[Round "2"]
[White "San Thit Lwin"]
[Black "Martinez Alcantara, Jose Eduardo"]
[Result "0-1"]
[Board "130"]
[TimeControl "180+1"]
[WhiteFideId "13001272"]
[BlackFideId "3805662"]
[WhiteElo "2232"]
[BlackElo "2703"]
[WhiteTeam "MYA"]
[BlackTeam "PER"]
[WhiteClock "0:00:59"]
[BlackClock "0:02:11"]

1. Nf3 c5 2. c4 Nc6 3. Nc3 g6 4. e4 Bg7 5. Be2 d6 6. O-O Bg4 7. h3 Bxf3 8. Bxf3 e6 9. d3 Nge7 10. Be3 O-O 11. Rc1 a6 12. a3 Rb8 13. Qd2 Nd4 14. Be2 Nb3 15. Qc2 Nxc1 16. Rxc1 Nc6 17. Qd2 Nd4 18. Bd1 b5 19. cxb5 axb5 20. b4 Qd7 21. f4 Ra8 22. e5 dxe5 23. fxe5 cxb4 24. axb4 Bxe5 25. Ne4 Nf5 26. Bc5 Rfd8 27. Qg5 Kg7 28. g4 h6 29. Qd2 Nd4 30. Qe3 Nc6 31. Bf3 Bd4 32. Bxd4+ Qxd4 0-1

[Event "November 21 Early 2023"]
[Site "https://www.chess.com"]
[Date "2023.11.21"]
[Round "2"]
[White "Terry, Renato"]
[Black "Rios Escobar, Adan"]
[Result "1-0"]
[Board "131"]
[TimeControl "180+1"]
[WhiteFideId "3803457"]
[BlackFideId "3403645"]
[WhiteElo "2572"]
[BlackElo "2420"]
[WhiteTeam "PER"]
[BlackTeam "CHI"]
[WhiteClock "0:00:19"]
[BlackClock "0:00:00"]

1. e4 c5 2. Nf3 d6 3. Bb5+ Nd7 4. d4 cxd4 5. Qxd4 h6 6. e5 dxe5 7. Nxe5 Nf6 8. O-O a6 9. Ba4 Qc7 10. Bf4 b5 11. Bb3 Nxe5 12. Bxe5 Qd7 13. Qf4 Nd5 14. Qg3 e6 15. Nc3 Nxc3 16. bxc3 Bb7 17. Rfe1 Qc6 18. Rad1 h5 19. h4 Rh6 20. Bf4 Rg6 21. Qxg6 fxg6 22. Rxe6+ Be7 23. Rxc6 Bxc6 24. g3 Rd8 25. Rd3 Bf6 26. c4 b4 27. Bd6 a5 28. c5 Rd7 29. Re3+ Kd8 30. Be6 Ra7 31. Bc4 Be7 32. Re6 Bxd6 33. Rxd6+ Kc7 34. Rxg6 Ra8 35. Rxg7+ Kd8 36. f4 1-0

[Event "November 21 Early 2023"]
[Site "https://www.chess.com"]
[Date "2023.11.21"]
[Round "2"]
[White "kaanadayhamle"]
[Black "Kovalenko, Igor"]
[Result "0-1"]
[Board "132"]
[TimeControl "180+1"]
[BlackFideId "14117908"]
[WhiteElo "2420"]
[BlackElo "2574"]
[BlackTeam "UKR"]
[WhiteClock "0:00:03"]
[BlackClock "0:01:52"]

1. Nf3 g6 2. g3 Bg7 3. Bg2 Nf6 4. O-O c5 5. c4 Nc6 6. Nc3 d6 7. d4 cxd4 8. Nxd4 Bd7 9. e4 O-O 10. Nc2 Rc8 11. b3 a6 12. Bb2 Qa5 13. Nd5 Nxd5 14. Bxg7 Nc3 15. Bxc3 Qxc3 16. Ne3 b5 17. Nd5 Qa5 18. cxb5 axb5 19. Rc1 Rfe8 20. a4 bxa4 21. bxa4 Kg7 22. h4 h5 23. Kh2 Bg4 24. f3 Be6 25. Nf4 Bd7 26. Nd5 e5 27. Ne3 Nd4 28. Nc4 Qa6 29. Qd3 Rc6 30. Nb2 Qxd3 31. Nxd3 Ra6 32. Rc7 Bxa4 33. f4 Bb5 34. Rd1 Bxd3 35. Rxd3 Ra2 36. fxe5 dxe5 37. Kh3 Re6 38. Rc1 Rf6 39. Re3 Rff2 40. Rg1 Nc6 41. Rf1 Rxg2 0-1

[Event "November 21 Early 2023"]
[Site "https://www.chess.com"]
[Date "2023.11.21"]
[Round "2"]
[White "Yeletsky, Ivan"]
[Black "Zeman, Matyas"]
[Result "1-0"]
[Board "134"]
[TimeControl "180+1"]
[WhiteFideId "24180327"]
[BlackFideId "364398"]
[WhiteElo "2358"]
[BlackElo "2286"]
[WhiteTeam "RUS"]
[BlackTeam "CZE"]
[WhiteClock "0:02:52"]
[BlackClock "0:02:41"]

1. Nf3 Nf6 2. c4 e6 3. Nc3 d5 4. d4 c5 5. cxd5 Nxd5 6. e3 Nxc3 7. bxc3 cxd4 8. cxd4 Bb4+ 9. Bd2 Bxd2+ 10. Qxd2 O-O 11. Bd3 b6 12. Be4 1-0

[Event "November 21 Early 2023"]
[Site "https://www.chess.com"]
[Date "2023.11.21"]
[Round "2"]
[White "Gutkin, Ilya"]
[Black "Boruchovsky, Avital"]
[Result "1-0"]
[Board "135"]
[TimeControl "180+1"]
[WhiteFideId "16203470"]
[BlackFideId "2800055"]
[WhiteElo "2248"]
[BlackElo "2450"]
[WhiteTeam "GER"]
[BlackTeam "ISR"]
[WhiteClock "0:00:21"]
[BlackClock "0:00:17"]

1. e4 e6 2. d4 d5 3. Nc3 Nf6 4. e5 Nfd7 5. f4 c5 6. Nf3 Nc6 7. Be3 a6 8. Qd2 b5 9. g3 Bb7 10. Bh3 cxd4 11. Nxd4 Nxd4 12. Bxd4 g6 13. O-O Nc5 14. Qe3 Rc8 15. Rad1 b4 16. Ne2 Ne4 17. c3 a5 18. g4 h5 19. f5 hxg4 20. fxe6 Qh4 21. exf7+ Kd7 22. e6+ Kc6 23. Bxh8 gxh3 24. Nd4+ Kd6 25. Qf4+ Qxf4 26. Rxf4 bxc3 27. bxc3 Ba6 28. Bf6 Bh6 29. Rxe4 dxe4 30. e7 Be3+ 31. Kh1 Bf2 32. e8=Q 1-0

[Event "November 21 Early 2023"]
[Site "https://www.chess.com"]
[Date "2023.11.21"]
[Round "2"]
[White "Vasquez Schroeder, Rodrigo"]
[Black "Osinovsky, Stepan"]
[Result "0-1"]
[Board "136"]
[TimeControl "180+1"]
[WhiteFideId "3400042"]
[BlackFideId "4157354"]
[WhiteElo "2582"]
[BlackElo "2222"]
[WhiteTeam "CHI"]
[BlackTeam "RUS"]
[WhiteClock "0:00:29"]
[BlackClock "0:00:12"]

1. e4 e5 2. Nf3 Nc6 3. Bb5 a6 4. Ba4 Nf6 5. O-O Be7 6. Re1 b5 7. Bb3 O-O 8. h3 d5 9. exd5 Nxd5 10. Nxe5 Nxe5 11. Rxe5 Bb7 12. Nc3 Nf4 13. d4 Nxg2 14. d5 Nh4 15. Qg4 Ng6 16. Rh5 Bc8 17. Qe4 Bd6 18. Bg5 f6 19. Be3 f5 20. Qd4 f4 21. Bd2 Nh4 22. Qe4 Bf5 23. Rxf5 Rxf5 24. Kf1 Qg5 25. Re1 Re5 26. Qh1 Rae8 27. Ne4 Qf5 28. Nxd6 cxd6 29. f3 Rxe1+ 30. Bxe1 Qe5 31. Bxh4 Qe2+ 32. Kg1 Qd1+ 33. Kh2 Re2+ 34. Qg2 Rxg2+ 35. Kxg2 Qe2+ 36. Bf2 g5 37. a4 Kg7 38. axb5 axb5 39. Ba2 h5 40. Bb3 Kf6 41. c3 Qxb2 42. Bd1 Qd2 43. Bb3 Qxc3 44. Bd1 Qd2 45. Bb3 g4 46. hxg4 hxg4 47. fxg4 Kg5 48. Kg1 Kxg4 0-1

[Event "November 21 Early 2023"]
[Site "https://www.chess.com"]
[Date "2023.11.21"]
[Round "2"]
[White "hristos03"]
[Black "Dragun, Kamil"]
[Result "0-1"]
[Board "137"]
[TimeControl "180+1"]
[BlackFideId "1134167"]
[WhiteElo "2412"]
[BlackElo "2551"]
[BlackTeam "POL"]
[WhiteClock "0:00:00"]
[BlackClock "0:00:50"]

1. e4 e5 2. Nf3 Nc6 3. Bb5 a6 4. Ba4 Nf6 5. O-O Be7 6. Re1 b5 7. Bb3 O-O 8. a4 Bb7 9. d3 d6 10. c3 Qd7 11. h3 Nd8 12. Bc2 c5 13. d4 Nc6 14. Bg5 exd4 15. cxd4 Nb4 16. d5 Nxc2 17. Qxc2 h6 18. Bf4 Rfe8 19. axb5 axb5 20. Rxa8 Bxa8 21. Nc3 Bd8 22. e5 b4 23. exf6 Rxe1+ 24. Nxe1 bxc3 25. bxc3 Bxd5 26. fxg7 Qe6 27. Nf3 Kxg7 28. Qd2 Be7 29. c4 Bxf3 30. gxf3 Qxh3 31. Qe3 Qe6 32. Qxe6 fxe6 33. Kf1 d5 34. cxd5 exd5 35. Be5+ Kg6 36. Ke2 Kf5 37. Bg7 h5 38. Bc3 Bf6 39. Bd2 c4 40. Kf1 d4 41. Bc1 c3 42. Ke2 h4 43. Kd3 h3 0-1

[Event "November 21 Early 2023"]
[Site "https://www.chess.com"]
[Date "2023.11.21"]
[Round "2"]
[White "Sonis, Francesco"]
[Black "Goldin, Roman"]
[Result "1-0"]
[Board "138"]
[TimeControl "180+1"]
[WhiteFideId "895733"]
[BlackFideId "2803860"]
[WhiteElo "2435"]
[BlackElo "2312"]
[WhiteTeam "ITA"]
[BlackTeam "ISR"]
[WhiteClock "0:01:25"]
[BlackClock "0:00:00"]

1. e4 Nc6 2. Nf3 e5 3. Bc4 Nf6 4. d3 Be7 5. a4 O-O 6. Nc3 d6 7. O-O Be6 8. Bxe6 fxe6 9. h3 Qe8 10. Be3 Nh5 11. g3 a6 12. Kh2 h6 13. a5 Qg6 14. Nd2 Rf7 15. Qg4 Qxg4 16. hxg4 Nf6 17. f3 Raf8 18. Kg2 d5 19. Bg1 Bb4 20. Nb3 Bxc3 21. bxc3 dxe4 22. dxe4 Rd7 23. Be3 Rfd8 24. Nc5 Re7 25. Nxb7 Rb8 26. Nc5 Nd7 27. Nxa6 1-0